 Seeded DCSS version 0.28-a0-1415-g7c84da036a (webtiles) character file.

Game seed: 3134761289594293408 (custom seed)

1508 flotson the Skirmisher (level 8, 0/62 HPs)
             Began as a Demonspawn Gladiator on Jan 8, 2022.
             Killed by nerve-wracking pain
             ... invoked by an orc priest
              (10 damage)
             ... on level 5 of the Dungeon.
             The game lasted 00:12:02 (8051 turns).

flotson the Skirmisher (Demonspawn Gladiator)       Turns: 8051, Time: 00:12:02

Health: 0/62       AC: 19    Str: 16    XL:     8   Next: 53%
Magic:  8/8        EV: 13    Int: 10    God:
Gold:   162        SH:  0    Dex: 15    Spells: 7/7 levels left

rFire   . . .      SeeInvis .   a - +4 quarterstaff (chaos)
rCold   . . .      Faith    .   (shield currently unavailable)
rNeg    . . .      Spirit   .   i - +0 ring mail
rPois   .          Reflect  .   r - +0 helmet
rElec   .          Harm     .   v - +0 cloak
rCorr   .          Rampage  .   x - +0 pair of gloves
Will    .....                   n - +0 pair of boots {Fly}
Stlth   +.........              (no amulet)
HPRegen 0.20/turn               (no ring)
MPRegen 0.11/turn               (no ring)

@: sanguine armoured, flying
A: sanguine armour 2, demonic magic 1, weakness stinger 2
a: no special abilities


You were on level 5 of the Dungeon.
You visited 1 branch of the dungeon, and saw 5 of its levels.
You also visited: Sewer.

You collected 162 gold pieces.

Inventory:

Hand Weapons
 a - a +4 quarterstaff of chaos (weapon)
 b - a +1 hunting sling of flaming
 s - a +1 whip of electrocution
 w - a +0 war axe
Missiles
 d - 3 throwing nets
 h - 3 curare-tipped darts
 j - 2 silver javelins (quivered)
 t - 4 datura-tipped darts
 y - 18 poisoned darts
 F - 26 sling bullets
Armour
 i - a +0 ring mail (worn)
 n - a +0 pair of boots of flying (worn)
 r - a +0 helmet (worn)
 v - a +0 cloak (worn)
 x - a +0 pair of gloves (worn)
Wands
 p - a wand of digging (3)
Scrolls
 e - 2 scrolls of identify {unknown}
 g - 2 scrolls of noise {unknown}
 k - 2 scrolls of vulnerability {unknown}
 o - a scroll of brand weapon {unknown}
 A - a scroll of enchant weapon {unknown}
 C - a scroll of fog {unknown}
 E - a scroll of immolation {unknown}
 G - a scroll of summoning {unknown}
Potions
 c - 3 potions of magic {unknown}
 f - a potion of degeneration {unknown}
 l - 2 potions of mutation {unknown}
 m - a potion of might {unknown}
 q - 3 potions of heal wounds
 u - 2 potions of curing {unknown}
 z - 3 potions of cancellation {unknown}
 B - 2 potions of brilliance {unknown}
 D - a potion of resistance {unknown}


   Skills:
 + Level 5.2 Fighting
 + Level 5.0 Axes
 + Level 4.5 Throwing
 + Level 4.1 Armour
 + Level 5.1 Dodging


You had 7 spell levels left.
You didn't know any spells.
Your spell library contained the following spells:

 Spells                   Type           Power      Damage    Failure   Level
 Magic Dart               Conj           0%         1d3       56%         1
 Call Imp                 Summ           0%         N/A       71%         2
 Mephitic Cloud           Conj/Pois/Air  0%         N/A       90%         3
 Ozocubu's Armour         Ice            0%         N/A       90%         3
 Ozocubu's Refrigeration  Ice            0%         4d5       100%        7


Dungeon Overview and Level Annotations

Branches:
Dungeon (5/15)              Sewer (visited)
 Temple: D:4-7

Altars:
Kikubaaqudgha
Ru
Trog
Vehumet

Shops:
D:1 =   D:4 (


Innate Abilities, Weirdness & Mutations

When seriously injured, your blood forms thick armour. (AC +9)
Spells you cast may paralyse adjacent enemies.
You have a tail ending in a sharp stinger.


Message History

* * * LOW HITPOINT WARNING * * *
Things that are here:
a +0 mace; a +0 leather armour; an orc corpse
Okay, then.
Unknown command.
Throw: 5 javelins (silver)
Press: ? - help, Q - select action, (/) - cycle Shift-Dir - straight line, f - orc priest
Aim: an orc priest, wielding a +0 club (63% to hit)
You throw a silver javelin.
The silver javelin barely misses the orc priest.
The silver javelin pierces through the orc priest!
The orc priest is heavily wounded.
Reactivating autopickup.
You feel a bit more experienced.
The silver javelin pierces through the orc!
You kill the orc!
The silver javelin pierces through the howler monkey skeleton.
The howler monkey skeleton is lightly damaged.
The orc priest miscasts a cantrip.
Throw: 4 javelins (silver)
Press: ? - help, Q - select action, (/) - cycle Shift-Dir - straight line, f/p - orc priest
Aim: an orc priest, wielding a +0 club (63% to hit)
You throw a silver javelin.
The silver javelin barely misses the orc priest.
The silver javelin barely misses the orc priest.
The silver javelin pierces through the howler monkey skeleton.
The howler monkey skeleton is heavily damaged.
The orc priest looks encouraged for a moment.
The orc priest barely misses you.
Throw: 3 javelins (silver)
Press: ? - help, Q - select action, (/) - cycle Shift-Dir - straight line, f/p - orc priest
Aim: an orc priest, wielding a +0 club (63% to hit)
You throw a silver javelin.
The silver javelin closely misses the orc priest.
The silver javelin barely misses the orc priest.
The silver javelin pierces through the howler monkey skeleton.
The howler monkey skeleton is severely damaged.
The orc priest invokes the aid of Beogh against you.
Pain shoots through your body!
You die...

.? #.# ##
#.... #.#. ...
#.#
############.#
#(.)Z.oo@....#
..##########.#
#..........#
#.#######..#
####..#
#.....#
#..#.##.###.#
#...........#
..##.##.#####


You could see 2 orc priests and a howler monkey skeleton.

Vanquished Creatures
  Pikel (D:4)
  Grinder (D:4)
  Sigmund (D:2)
  3 lemures
  2 kobold brigands (Sewer)
  2 jellies (D:4)
  Crazy Yiuf (D:3)
  Ijyb (D:3)
  Jessica (D:2)
  An orc wizard (D:5)
  A hound skeleton (D:4)
  Robin (D:3)
  7 gnolls
  8 adders
  11 river rats
  An adder skeleton (D:4)
  4 worms
  2 dart slugs (D:3)
  14 orcs
  3 endoplasms
  3 giant cockroaches
  14 goblins
  13 hobgoblins
  5 jackals
  15 kobolds
  3 quokkas
  10 ball pythons
  6 bats
  6 frilled lizards
  28 rats
169 creatures vanquished.

Vanquished Creatures (others)
  A fungus (D:3)
  7 withered plants (D:3)
8 creatures vanquished.

Grand Total: 177 creatures vanquished

Notes
Turn   | Place    | Note
-------+----------+-------------------------------------------
     0 | D:1      | flotson the Demonspawn Gladiator began the quest for the
                  | Orb.
     0 | D:1      | Reached XP level 1. HP: 16/16 MP: 1/1
   495 | D:1      | Found Mom Jior's One-of-a-Kind Rings.
   568 | D:1      | Gained mutation: When seriously injured, your blood forms
                  | armour. (AC +9) [demonic ancestry]
   568 | D:1      | Reached XP level 2. HP: 22/22 MP: 2/2
   923 | D:1      | Found a faded altar of an unknown god.
  1573 | D:2      | Reached XP level 3. HP: 28/28 MP: 3/3
  1576 | D:2      | Noticed Jessica
  1585 | D:2      | Killed Jessica
  1586 | D:2      | Reached skill level 1 in Armour
  1738 | D:2      | Noticed Sigmund
  1754 | D:2      | Killed Sigmund
  1755 | D:2      | Gained mutation: When seriously injured, your blood forms
                  | thick armour. (AC +9) [demonic ancestry]
  1755 | D:2      | Reached XP level 4. HP: 31/35 MP: 4/4
  1755 | D:2      | Gained mutation: You have a small tail. [demonic ancestry]
  1755 | D:2      | Reached XP level 5. HP: 36/41 MP: 5/5
  2154 | D:2      | Found a sacrificial altar of Ru.
  2739 | D:3      | Found a bloodstained altar of Trog.
  2809 | D:3      | Reached XP level 6. HP: 26/47 MP: 6/6
  2937 | D:3      | Found an ancient bone altar of Kikubaaqudgha.
  2966 | D:3      | Noticed Ijyb
  2978 | D:3      | Killed Ijyb
  3270 | D:3      | Found a runed translucent door.
  3271 | D:3      | Noticed Crazy Yiuf
  3730 | D:3      | Noticed Robin
  3907 | D:3      | Killed Robin
  4335 | D:3      | Found a radiant altar of Vehumet.
  4445 | D:3      | Killed Crazy Yiuf
  4608 | D:4      | Noticed Grinder
  4609 | D:4      | Paralysed by Grinder for 6 turns
  4620 | D:4      | Paralysed by Grinder for 2 turns
  4622 | D:4      | Killed Grinder
  4623 | D:4      | Gained mutation: Spells you cast may paralyse adjacent
                  | enemies. [demonic ancestry]
  4623 | D:4      | Reached XP level 7. HP: 28/54 MP: 7/7
  4677 | D:4      | Noticed Pikel
  4794 | D:4      | Found a glowing drain.
  4802 | Sewer    | Entered a sewer
  6056 | D:4      | Found Zuam's Weapon Emporium.
  6872 | D:4      | Gained mutation: You have a tail ending in a sharp stinger.
                  | [demonic ancestry]
  6872 | D:4      | Reached XP level 8. HP: 61/61 MP: 8/8
  7228 | D:4      | Found Zuam's Weapon Emporium.
  7321 | D:4      | Killed Pikel
  7322 | D:4      | Reached skill level 5 in Fighting
  7322 | D:4      | Reached skill level 5 in Axes
  7322 | D:4      | Reached skill level 5 in Dodging
  8013 | D:5      | Entered Level 5 of the Dungeon
  8051 | D:5      | Killed from afar by an orc priest

Illustrated notes

Levels and vault maps discovered:
D:1:      amcnicky_arrival_wind_blow, layout_basic,
          nicolae_ecumenical_lake_church, serial_corexii_hall,
          corexii_hall_statues_u, corexii_hall_statues_x,
          corexii_hall_statues_i, nicolae_shop_unique_rings
D:2:      layout_basic, basic_altar, uniq_jessica, uniq_sigmund
D:3:      layout_loops_ring, kiku_gazebo_garden_becter,
          mainiacjoe_overflow_alcove_1, lightli_temple_of_fire,
          kennysheep_generic_room_9, uniq_robin, uniq_crazy_yiuf_cottage,
          uniq_ijyb
D:4:      layout_basic, serial_shops, nicolae_shop_behind_doors,
          lightli_sewer_entry_pipes, uniq_grinder, uniq_pikel
D:5:      layout_loops_ring, makhleb_heckhound_becter,
          overflow_temple_1_default, small_statue_alley_b,
          small_statue_intersection, kennysheep_generic_room_4, uniq_edmund

Skill      XL: |  1  2  3  4  5  6  7  8 |
---------------+-------------------------+-----
Throwing       | 2 3 4 |  4.5
Axes           | 3 4 5 |  5.0
Dodging        | 3 4 5 |  5.1
Armour         | 1 2 3 4 |  4.1
Fighting       | 3 4 5 |  5.2

Action                   |  1- 3 |  4- 6 |  7- 9 || total
-------------------------+-------+-------+-------++-------
Melee: War axe           |    91 |   137 |       ||   228
       Punch             |     1 |     2 |       ||     3
       Tailslap          |       |    10 |     7 ||    17
       Quarterstaff      |       |     4 |    82 ||    86
 Fire: Hunting sling     |       |    16 |   136 ||   152
Throw: Dart              |     3 |     1 |       ||     4
       Throwing net      |     1 |       |       ||     1
       Javelin           |       |       |     3 ||     3
Armor: Leather armour    |    17 |       |       ||    17
       Ring mail         |     3 |    67 |    73 ||   143
Dodge: Dodged            |    57 |   117 |   125 ||   299

Table legend: (Time is in decaauts)
 A = Elapsed time spent in this place.
 B = Non-inter-level travel time spent in this place.
 C = Inter-level travel time spent in this place.
 D = Time resting spent in this place.
 E = Time spent auto-exploring this place.
 F = Levels seen in this place.
 G = Mean time per level.
                   A        B        C        D        E       F      G
               +--------+--------+--------+--------+--------+-----+--------+
         Total |   8168 |   7845 |    323 |    548 |   5818 |   6 | 1361.3 |
       Dungeon |   7055 |   6732 |    323 |    374 |   5136 |   5 | 1411.0 |
         Sewer |   1112 |   1112 |      0 |    174 |    682 |   1 | 1112.0 |
               +--------+--------+--------+--------+--------+-----+--------+

Top non-repeatable levels by time:
     D:4: 2114 daAuts
     D:3: 2050 daAuts
     D:1: 1594 daAuts
     D:2: 1257 daAuts
   Sewer: 1112 daAuts
     D:5: 39 daAuts
